 Dungeon Crawl Stone Soup version 0.22.1-6-g1668fe2c40 (webtiles) character file.

35 Riddle the Chucker (level 3, -3/33 HPs)
             Began as a Troll Hunter on Jan 17, 2019.
             Shot with an arrow by a centaur (11 damage)
             ... on level 2 of the Dungeon.
             The game lasted 00:04:50 (1095 turns).

Riddle the Chucker (Troll Hunter)                   Turns: 1095, Time: 00:04:51

Health: -3/33      AC: 10    Str: 20    XL:     3   Next: 16%
Magic:  2/2        EV: 10    Int:  7    God:
Gold:   63         SH:  0    Dex: 11    Spells: 2/2 levels left

rFire    . . .     SeeInvis .   (no weapon)
rCold    . . .     Gourm    +   (no shield)
rNeg     . . .     Faith    .   b - +0 robe
rPois    .         Spirit   .   (helmet restricted)
rElec    .         Reflect  .   (no cloak)
rCorr    +         Harm     .   (gloves unavailable)
MR       .....                  (boots unavailable)
Stlth    +.........             (no amulet)
HPRegen  0.51/turn              v - +5 ring of protection
MPRegen  0.08/turn              n - ring of resist corrosion

@: no status effects
A: large, unfitting armour, claws 3, fast metabolism 3, gourmand, regeneration
1, shaggy fur 1, tough skin 2
a: no special abilities


You were on level 2 of the Dungeon.
You were full.

You visited 1 branch of the dungeon, and saw 2 of its levels.

You collected 63 gold pieces.

Inventory:

Missiles
 c - 5 large rocks
 d - 2 throwing nets
 e - 24 stones (quivered)
 h - 9 poisoned needles
 p - 21 sling bullets
Armour
 b - a +0 robe (worn)
Jewellery
 j - an uncursed ring of stealth
 n - a ring of resist corrosion (right claw)
 v - a +5 ring of protection (left claw)
Scrolls
 a - a scroll of teleportation {unknown}
 g - a scroll of enchant armour {unknown}
 k - a scroll of identify {unknown}
 m - a scroll of magic mapping {unknown}
 o - a scroll of amnesia {unknown}
 r - 2 scrolls of enchant weapon {unknown}
 t - a scroll of noise {unknown}
Potions
 i - a potion of degeneration {unknown}
 l - a potion of brilliance {unknown}
 q - a potion of might {unknown}
 s - a potion of ambrosia {unknown}
 u - a potion of heal wounds {unknown}
Comestibles
 f - 4 rations


   Skills:
 - Level 1.5 Fighting
 + Level 4.6 Throwing
 - Level 1.5 Dodging
 - Level 0.3 Stealth


You had 2 spell levels left.
You didn't know any spells.
Your spell library contained the following spells:

 Spells                   Type           Power        Failure   Level  Hunger
 Gell's Gravitas          Tloc           #.........   80%         3    ####...
 Portal Projectile        Hex/Tloc       #.....       80%         3    ####...
 Force Lance              Conj/Tloc      #.......     99%         4    #####..
 Dispersal                Tloc           #.........   100%        6    #######
 Controlled Blink         Tloc           N/A          100%        8    #######
 Disjunction              Tloc           #.........   100%        8    #######


Dungeon Overview and Level Annotations

Branches:
Dungeon (2/15)

Altars:


Innate Abilities, Weirdness & Mutations

You are too large for most types of armour.
You have claws for hands.
Your metabolism is lightning-fast.
You like to eat raw meat.
Your natural rate of healing is unusually fast.
You are covered in fur. (AC +1)
You have very tough skin. (AC +2)


Message History

You throw a stone. The stone hits the centaur.
The centaur is lightly wounded.
The centaur shoots an arrow.
The arrow hits you!
Unknown command.
As you close the door, it creaks loudly!
Something unseen opens the door.
The centaur shoots an arrow.
The arrow completely misses you.
You see here an arrow.
The centaur shoots an arrow.
The arrow hits you.
The centaur shoots an arrow.
The arrow hits you but does no damage.
You see here 2 arrows.
The centaur shoots an arrow.
The arrow hits you.
You see here an arrow.
The centaur shoots an arrow.
The arrow hits you!
The centaur shoots an arrow.
The arrow hits you.
* * * LOW HITPOINT WARNING * * *
There is a stone staircase leading up, spattered with blood here.
You see here an arrow.
The centaur shoots an arrow.
The arrow hits you!
You die...

....## #.# ##.....# #....##
##.# #....... ###...# #####..#
###..[.... #.#.# #.....##
#.#....... #.#.## #.....#
#.##.....# #.#..# #.....#
####.###..†## #.##.###
##...####......##'###
#.##...#####....#...####..(....
#.####.##.....@(....# #)......
#.####....#.#.#####c####.c(....
#.......###.#...# #.(c..###'###
#####...###.###.######..# ..#
######.......###..####..## ...#
.........##....##......## ....
#######†.##..........### c...
#....##....#####..# )...
#.##.......# ##.# ...#


You could see a centaur.

Vanquished Creatures
  A dart slug (D:1)
  A leopard gecko (D:1)
  A ball python (D:1)
  4 giant cockroaches (D:1)
  A goblin (D:1)
  5 hobgoblins
  4 kobolds
  5 bats (D:1)
  3 frilled lizards
  4 rats
29 creatures vanquished.

Notes
Turn   | Place    | Note
-------+----------+-------------------------------------------
     0 | D:1      | Riddle the Troll Hunter began the quest for the Orb.
     0 | D:1      | Reached XP level 1. HP: 19/19 MP: 0/0
    86 | D:1      | Reached skill level 4 in Throwing
   125 | D:1      | Reached XP level 2. HP: 21/27 MP: 1/1
   768 | D:1      | Reached XP level 3. HP: 33/33 MP: 2/2
  1080 | D:2      | Noticed a centaur
  1095 | D:2      | Shot with an arrow by a centaur

Skill      XL: |  1 |
---------------+----+-----
Throwing       | 4 |  4.6
Fighting       | |  1.5
Dodging        | |  1.5
Stealth        | |  0.3

Action                   || total
-------------------------++-------
Melee: Unarmed           ||    42
       Short sword       ||     6
Throw: Stone             ||    35
 Stab: Sleeping          ||     1
  Eat: Chunk             ||    12
Armor: Robe              ||    20
Dodge: Dodged            ||    35
